AoeStats
← miscussi

Arabian Desert

510416184Analyzed
1v1 RM · 2d ago on Sep 30, 2026· 43m 54s· 2 players
Game mode
Random Map
Map size
Tiny (2 player)
Population
200
Speed
Normal
Resources
Standard
Victory
Conquest
Starting age
Dark Age
Ending age
Imperial Age
RankedLock teamsTeams togetherTeam positionsShared explorationLock speedFull tech treeHidden civsTurbo modeCheats
Victory
Defeat
🇦🇷 Magyars · Argentina
927
+16
🇦🇷 Persians · Argentina
924
-16
miscussi
2:12 Loom
10:58 Feudal Age
11:29 Double-Bit Axe
17:44 Scale Mail Armor
20:43 Castle Age
26:12 Horse Collar
29:22 Scale Barding Armor
29:32 Bow Saw
32:16 Padded Archer Armor
32:53 Fletching
33:36 Bodkin Arrow
33:12 Elite Skirmisher
35:14 Leather Archer Armor
40:02 Wheelbarrow
jahsu1769
8:04 Loom
10:32 Feudal Age
11:19 Double-Bit Axe
12:43 Horse Collar
18:51 Bloodlines
22:55 Castle Age
23:11 Fletching
24:25 Heavy Plow
25:41 Husbandry
26:00 Gold Mining
26:38 Bodkin Arrow
28:31 Wheelbarrow
28:33 Ballistics
30:10 Scale Barding Armor
37:39 Imperial Age
35:20 Thumb Ring
36:47 Treadmill Crane
37:26 Corvinian Army
38:08 Gold Shaft Mining
40:51 Parthian Tactics
41:28 Bracer
41:49 Chain Barding Armor
Connection lost

Rejoining the realm…

Still unreachable

The connection could not be restored.

Session expired

The server has moved on; the page needs a fresh start.